 Dungeon Crawl Stone Soup version 0.28.0-1-gb440e238dd (webtiles) character file.

Game seed: 178366454636415040

11236 eliilek the Blocker (level 11, -4/99 HPs)
             Began as a Minotaur Fighter on Feb 25, 2022.
             Was a Follower of Uskayaw.
             Hit by a silver javelin thrown by a minotaur (8 damage)
             ... in a Gauntlet.
             The game lasted 00:33:26 (11666 turns).

eliilek the Blocker (Minotaur Fighter)             Turns: 11666, Time: 00:33:26

Health: -4/99      AC: 20    Str: 22    XL:     11   Next: 46%
Magic:  10/10      EV:  4    Int:  5    God:    Uskayaw [*.....]
Gold:   321        SH: 19    Dex: 19    Spells: 10/10 levels left

rFire   . . .      SeeInvis +   a - +2 flail (holy)
rCold   . . .      Faith    .   w - +0 tower shield
rNeg    . . .      Spirit   .   G - +0 plate armour
rPois   .          Reflect  .   (helmet unavailable)
rElec   .          Harm     .   z - scarf {shadows}
rCorr   .          Rampage  .   n - +0 pair of gloves
Will    .....      NoTele   +   f - +1 pair of boots {Fly}
Stlth   ..........              (no amulet)
HPRegen 0.26/turn               j - +6 ring of dexterity
MPRegen 0.12/turn               d - ring of see invisible

@: flying
A: horns 3, retaliatory headbutt, iridescent scales 1
a: Renounce Religion, Stomp


You were in a Gauntlet.
You worshipped Uskayaw.
Uskayaw was noncommittal.
You visited 2 branches of the dungeon, and saw 10 of its levels.
You also visited: Gauntlet.

You collected 360 gold pieces.
You spent 39 gold pieces at shops.

Inventory:

Hand Weapons
 a - a +2 flail of holy wrath (weapon)
 b - a +0 hunting sling
Missiles
 h - 328 stones (quivered)
 k - 67 sling bullets
Armour
 f - a +1 pair of boots of flying (worn)
 n - a +0 pair of gloves (worn)
 w - a +0 tower shield (worn)
 z - a scarf of shadows (worn)
 B - the +0 pair of gloves of Tenacity {rPois}
   (You found it in a Gauntlet)

   rPois:     It protects you from poison.
 G - a +0 plate armour (worn)
Jewellery
 d - a ring of see invisible (right hand)
 j - a +6 ring of dexterity (left hand)
 q - a ring of protection from cold
Wands
 m - a wand of charming (6)
 C - a wand of iceblast (8)
Scrolls
 c - a scroll of fear
 r - 3 scrolls of blinking
 t - a scroll of fog
 u - a scroll of magic mapping {unknown}
 v - 2 scrolls of summoning
 x - a scroll of enchant weapon {unknown}
 y - 2 scrolls of brand weapon
 H - a scroll of torment {unknown}
Potions
 e - 4 potions of curing
 g - a potion of haste {unknown}
 i - 2 potions of cancellation
 l - 2 potions of flight {unknown}
 o - a potion of degeneration {unknown}
 p - a potion of lignification {unknown}
 s - 2 potions of heal wounds {unknown}
 A - 2 potions of mutation
 E - a potion of attraction {unknown}
 F - 3 potions of brilliance {unknown}


   Skills:
 + Level 9.7 Fighting
 * Level 12.9 Maces & Flails
 + Level 9.6 Armour
 * Level 13.1 Shields


You had 10 spell levels left.
You didn't know any spells.
Your spell library contained the following spells:

 Spells                   Type           Power      Damage    Failure   Level
 Apportation              Tloc           0%         N/A       100%        1
 Shock                    Conj/Air       0%         1d3       100%        1
 Swiftness                Air            0%         N/A       100%        3
 Airstrike                Air            0%         N/A       100%        4
 Olgreb's Toxic Radiance  Pois           0%         N/A       100%        4
 Alistair's Intoxication  Tmut/Pois      0%         N/A       100%        5
 Ozocubu's Refrigeration  Ice            0%         4d5       100%        7
 Ignition                 Fire           0%         3d3       100%        8


Dungeon Overview and Level Annotations

Branches:
Dungeon (8/15)             Temple (0/1) D:6            Lair (2/6) D:8
Gauntlet (1/1)
  Swamp: Lair:2-4    Shoals: Lair:2-4     Snake: Lair:2-4    Spider: Lair:2-4

Altars:
Fedhas
Uskayaw
Wu Jian
Xom
The Shining One

Shops:
D:1 =***   D:4 *   D:5 =

Annotations:
Gauntlet 6 transporters, 21 runed translucent doors, exclusion: oklob plant


Innate Abilities, Weirdness & Mutations

You have a pair of large horns on your head.
You reflexively headbutt those who attack you in melee.
You are partially covered in iridescent scales. (AC +2)


Message History

The minotaur is lightly wounded.
You block the minotaur's attack.
The minotaur gores you but does no damage.
You closely miss the minotaur. Your headbutt misses the minotaur.
The minotaur is lightly wounded.
The minotaur hits you with a +2 broad axe of electrocution!
The minotaur gores you!
* * * LOW HITPOINT WARNING * * *
Okay, then.
The minotaur throws a silver javelin.
The silver javelin pierces through you but does no damage.
The silver sears you!
The minotaur throws a silver javelin.
The silver javelin closely misses you.
Okay, then.
The minotaur throws a silver javelin.
The silver javelin barely misses you.
The minotaur throws a silver javelin.
The silver javelin pierces through you but does no damage.
The silver sears you!
The minotaur throws a silver javelin.
The silver javelin pierces through you!
* * * LOW HITPOINT WARNING * * *
The silver sears you!
* * * LOW HITPOINT WARNING * * *
The minotaur throws a silver javelin.
The silver javelin pierces through you!!
* * * LOW HITPOINT WARNING * * *
The silver sears you!
* * * LOW HITPOINT WARNING * * *
The minotaur throws a silver javelin.
The silver javelin pierces through you but does no damage.
The silver sears you!
* * * LOW HITPOINT WARNING * * *
There is an open door, spattered with blood here.
Found a gate leading back out of this place.
You reach down and close the door.
A minotaur opens the door.
Things that are here:
the +0 pair of gloves of Tenacity {rPois}; the Collected Works on Supportive Shape Shifting; an elf skeleton
B - the +0 pair of gloves of Tenacity {rPois} The minotaur throws a silver javelin.
The silver javelin pierces through you!
You die...

#..## #..≈#####
#..###..########
#..≈##.........#
#..###..###.##.##
#..≈##..H......8#
#..###..#.#.....#
#..#....#H#.#########
#..#©...#...#8.8@8[8#
...#....###.H......∩#
.∩.#....#...#8.8)8|8#
#..#©...#.#.#########
#..#....#.#....
#..###.........8
#..≈##..###.##.##
#..###.........#
#..≈##..########


You could see a minotaur.

Vanquished Creatures
  A great orb of eyes (Gauntlet)
  3 death yaks (D:8)
  A wizard (Gauntlet)
  Pikel (D:4)
  2 ugly things (Gauntlet)
  The ghost of croobank the Firebug, a novice DrFE (D:5)
  2 cane toads
  A komodo dragon (Lair:1)
  A troll (D:7)
  3 hornets
  Sigmund (D:5)
  7 yaks
  2 wyverns (Lair:1)
  A steam dragon (D:7)
  Edmund (D:4)
  3 water moccasins
  An ice beast (D:7)
  A sky beast (D:5)
  An orc warrior (D:7)
  A black bear (D:6)
  3 ogres
  6 wolves (Lair:1)
  A centaur (D:6)
  4 lemures (D:4)
  A kobold brigand (D:7)
  A bullfrog (D:6)
  6 scorpions
  A water moccasin zombie (D:5)
  6 killer bees
  7 wights (D:7)
  2 centaur zombies (D:7)
  3 orc priests (D:7)
  4 hounds
  2 gnoll shamans (D:6)
  Crazy Yiuf (D:3)
  A centaur skeleton (D:6)
  2 iguanas
  2 bullfrog skeletons
  Natasha (thrice) (D:2)
  2 orc wizards (D:8)
  2 hell rats (D:8)
  A killer bee zombie (D:6)
  15 gnolls
  A howler monkey skeleton (D:6)
  3 river rats (D:8)
  9 adders
  3 shadow imps (Gauntlet)
  2 white imps
  3 dart slugs
  17 orcs
  6 ball pythons
  5 bats
  8 endoplasms
  2 giant cockroaches
  6 goblins
  10 hobgoblins
  6 quokkas
  3 frilled lizards
  8 kobolds
  8 rats
211 creatures vanquished.

Vanquished Creatures (others)
  4 fungi (Lair:2)
  4 plants
  20 withered plants (Gauntlet)
28 creatures vanquished.

Grand Total: 239 creatures vanquished

Notes
Turn   | Place    | Note
-------+----------+-------------------------------------------
     0 | D:1      | eliilek the Minotaur Fighter began the quest for the Orb.
     0 | D:1      | Reached XP level 1. HP: 19/19 MP: 0/0
    55 | D:1      | Found Estyham's Jewellery Boutique.
   168 | D:1      | Reached XP level 2. HP: 26/27 MP: 1/1
   215 | D:1      | Found Urotut's General Store.
   251 | D:1      | Found Luor's Assorted Antiques.
   332 | D:1      | Reached skill level 4 in Shields
   432 | D:1      | Found a faded altar of an unknown god.
   442 | D:1      | Prayed at the altar of an unknown god.
   442 | D:1      | Became a worshipper of Uskayaw the Reveller
   442 | D:1      | Reached * piety under Uskayaw
   721 | D:1      | Found Vugueg's Assorted Antiques.
   722 | D:1      | Reached ** piety under Uskayaw
   952 | D:1      | Bought a potion of curing for 39 gold pieces
  1002 | D:2      | Reached XP level 3. HP: 33/33 MP: 2/2
  1012 | D:2      | Reached *** piety under Uskayaw
  1302 | D:2      | Noticed Natasha
  1309 | D:2      | Killed Natasha
  1310 | D:2      | Reached XP level 4. HP: 35/40 MP: 3/3
  1555 | D:2      | Noticed Natasha
  1559 | D:2      | Killed Natasha
  1848 | D:2      | Noticed Natasha
  1854 | D:2      | Killed Natasha
  1855 | D:2      | Reached skill level 5 in Shields
  2136 | D:3      | Reached XP level 5. HP: 47/47 MP: 4/4
  2522 | D:3      | Found a runed translucent door.
  2524 | D:3      | Noticed Crazy Yiuf
  2532 | D:3      | Killed Crazy Yiuf
  3015 | D:4      | Noticed a lemure
  3040 | D:4      | Killed a lemure
  3064 | D:4      | Noticed Edmund
  3075 | D:4      | Killed Edmund
  3076 | D:4      | Reached skill level 5 in Maces & Flails
  3076 | D:4      | Reached XP level 6. HP: 33/55 MP: 5/5
  3076 | D:4      | Reached **** piety under Uskayaw
  3263 | D:4      | Reached skill level 5 in Fighting
  3396 | D:4      | Found Puas's Gadget Gallery.
  3579 | D:4      | Reached skill level 6 in Shields
  3592 | D:4      | Found a shimmering altar of Xom.
  3653 | D:4      | Noticed Pikel
  3673 | D:4      | Killed Pikel
  3674 | D:4      | Reached skill level 5 in Armour
  3674 | D:4      | Reached skill level 7 in Shields
  3674 | D:4      | Reached XP level 7. HP: 16/61 MP: 3/6
  4152 | D:5      | Entered Level 5 of the Dungeon
  4156 | D:5      | Noticed Sigmund
  4175 | D:5      | Killed Sigmund
  4176 | D:5      | Reached XP level 8. HP: 63/70 MP: 7/7
  4176 | D:5      | Gained mutation: You have a pair of large horns on your
                  | head. [potion of mutation]
  4176 | D:5      | Gained mutation: You are partially covered in iridescent
                  | scales. (AC +2) [potion of mutation]
  4533 | D:5      | Found Celiykh's Jewellery Shop.
  4857 | D:5      | Reached skill level 8 in Shields
  4960 | D:5      | Found a blossoming altar of Fedhas.
  5255 | D:5      | Found a runed translucent door.
  5260 | D:5      | Noticed croobank's ghost (novice DrFE)
  5276 | D:5      | Killed croobank's ghost
  5286 | D:5      | Found a runed translucent door.
  5595 | D:6      | Found a staircase to the Ecumenical Temple.
  5802 | D:6      | Reached XP level 9. HP: 47/78 MP: 8/8
  5812 | D:6      | Reached skill level 9 in Shields
  7001 | D:7      | Reached ***** piety under Uskayaw
  7045 | D:7      | Reached skill level 10 in Shields
  7046 | D:7      | Noticed a troll
  7055 | D:7      | Killed a troll
  7083 | D:7      | Reached skill level 10 in Maces & Flails
  7152 | D:7      | Found the +18 Lear's hauberk
  7287 | D:7      | Paralysed by a hornet for 3 turns
  7857 | D:7      | Found an ornate altar of the Wu Jian Council.
  7857 | D:7      | Found a glowing golden altar of the Shining One.
  8106 | D:7      | Reached XP level 10. HP: 47/88 MP: 9/9
  8878 | D:8      | Reached skill level 11 in Shields
  9297 | D:8      | Noticed a death yak
  9297 | D:8      | Noticed a death yak
  9313 | D:8      | Noticed a death yak
  9317 | D:8      | Killed a death yak
  9321 | D:8      | Killed a death yak
  9326 | D:8      | Killed a death yak
  9429 | D:8      | Found a staircase to the Lair.
  9933 | Lair:1   | Entered Level 1 of the Lair of Beasts
 10249 | Lair:1   | Reached skill level 12 in Shields
 10416 | Lair:1   | Noticed a cane toad
 10420 | Lair:1   | Killed a cane toad
 10611 | Lair:1   | Reached XP level 11. HP: 78/97 MP: 10/10
 11132 | Lair:2   | Found a gate leading to a gauntlet.
 11141 | Gauntlet | Entered a Gauntlet
 11141 | Gauntlet | Found a transporter.
 11154 | Gauntlet | Noticed a wizard
 11200 | Gauntlet | Found a transporter.
 11203 | Gauntlet | Found a transporter.
 11214 | Gauntlet | Found a transporter.
 11214 | Gauntlet | Found a transporter.
 11214 | Gauntlet | Found a large runed translucent door.
 11215 | Gauntlet | Found a large runed translucent door.
 11216 | Gauntlet | Found a large runed translucent door.
 11216 | Gauntlet | Found a large runed translucent door.
 11216 | Gauntlet | Found a runed translucent door.
 11217 | Gauntlet | Found a large runed translucent door.
 11218 | Gauntlet | Found a large runed translucent door.
 11218 | Gauntlet | Noticed a green ugly thing
 11218 | Gauntlet | Noticed a purple ugly thing
 11219 | Gauntlet | Found a large runed translucent door.
 11219 | Gauntlet | Found a large runed translucent door.
 11220 | Gauntlet | Found a runed translucent gate.
 11221 | Gauntlet | Noticed a sixfirhy
 11222 | Gauntlet | Found a transporter.
 11226 | Gauntlet | Noticed a sixfirhy
 11227 | Gauntlet | Noticed a great orb of eyes
 11231 | Gauntlet | Found a transporter.
 11231 | Gauntlet | Found a runed translucent gate.
 11232 | Gauntlet | Found a runed translucent gate.
 11233 | Gauntlet | Found a large runed translucent door.
 11234 | Gauntlet | Found a large runed translucent door.
 11235 | Gauntlet | Found a large runed translucent door.
 11244 | Gauntlet | Found a large runed translucent door.
 11245 | Gauntlet | Found a large runed translucent door.
 11245 | Gauntlet | Found a large runed translucent door.
 11245 | Gauntlet | Found a runed translucent door.
 11246 | Gauntlet | Found a large runed translucent door.
 11247 | Gauntlet | Found a large runed translucent door.
 11249 | Gauntlet | Found a transporter.
 11252 | Gauntlet | Found a transporter.
 11253 | Gauntlet | Noticed an oklob plant
 11262 | Gauntlet | Found a transporter.
 11265 | Gauntlet | Found a transporter.
 11275 | Gauntlet | Found a transporter.
 11319 | Gauntlet | Found a runed translucent door.
 11388 | Gauntlet | Killed a wizard
 11488 | Gauntlet | Killed a great orb of eyes
 11489 | Gauntlet | Killed a green ugly thing
 11490 | Gauntlet | Reached skill level 13 in Shields
 11495 | Gauntlet | Reached ****** piety under Uskayaw
 11497 | Gauntlet | Killed a white ugly thing
 11568 | Gauntlet | Identified the +8 plate armour "Pono Tawn" {Contam rN+ SInv
                  | Stlth+}
 11568 | Gauntlet | Noticed a minotaur
 11654 | Gauntlet | HP: 2/99 [minotaur/silver javelin (3)]
 11659 | Gauntlet | HP: 2/99 [minotaur/silver javelin (1)]
 11665 | Gauntlet | Identified the +0 pair of gloves of Tenacity {rPois}
 11666 | Gauntlet | Hit by a silver javelin thrown by a minotaur

Illustrated notes

Levels and vault maps discovered:
D:1:      minmay_arrival_plants_in_alcoves, layout_loops_ring,
          ebering_ecumenical_altar_webs, serial_shops, shop, shop,
          nicolae_shop_statue_plus, shop
D:2:      layout_basic, uniq_natasha
D:3:      layout_loops_ring, uniq_crazy_yiuf_cottage
D:4:      layout_loops_cross, nicolae_overflow_crystal_walls,
          nicolae_shop_gadgets, uniq_edmund, uniq_pikel
D:5:      layout_loops_corners, lemuel_tele_altar, ebering_ghost_sewer_f,
          serial_shops, nicolae_take_the_stairs, uniq_sigmund
D:6:      layout_gridville, minmay_temple_entry_gardened_gates
D:7:      layout_loops_ring, gammafunk_temple_overflow_elements,
          hellmonk_guarded_unrand_lears
D:8:      layout_gridville, dpeg_lair_monsters
Lair:1:   layout_long_grid, serial_bayou_shore_b
Lair:2:   layout_layer_cave, minmay_swamp_entry_wisps, gauntlet_entry_generic
Gauntlet: minmay_gauntlet_mixed_big_or_small [gammafunk_gauntlet_arena_hedges,
          minmay_gauntlet_arena_77_hold_the_fort,
          gammafunk_gauntlet_arena_chambers, minmay_gauntlet_arena_77_path,
          minmay_gauntlet_arena_make_your_own_arena,
          minmay_gauntlet_arena_77_squiggly,
          nicolae_gauntlet_exit_dead_adventurers]

Skill      XL: |  1  2  3  4  5  6  7  8  9 10 11 |
---------------+----------------------------------+-----
Shields        | 4 5 7 8 10 12 13 | 13.1
Maces & Flails | 3 4 5 6 7 8 10 12 | 12.9
Fighting       | 4 5 6 8 9 |  9.7
Armour         | 4 5 6 7 9 |  9.6

Action                   |  1- 3 |  4- 6 |  7- 9 | 10-12 || total
-------------------------+-------+-------+-------+-------++-------
Melee: Flail             |    54 |    68 |   227 |   190 ||   539
       Headbutt          |    10 |     6 |    54 |    50 ||   120
 Fire: Hunting sling     |    25 |    35 |    72 |    22 ||   154
Throw: Stone             |       |     1 |       |       ||     1
Invok: Stomp             |       |     1 |       |       ||     1
  Use: Potion            |       |       |     2 |     2 ||     4
       Scroll            |       |       |       |     9 ||     9
 Stab: Paralysed         |       |     1 |    14 |    10 ||    25
Armor: Scale mail        |    20 |    20 |    75 |    27 ||   142
       Plate armour      |       |       |       |    72 ||    72
Dodge: Dodged            |    25 |    19 |    58 |    34 ||   136
Block: Buckler           |     7 |    11 |     5 |       ||    23
       Tower shield      |       |       |   207 |   221 ||   428
